 Dungeon Crawl Stone Soup version 0.29.1-1-gd02db6906a (webtiles) character file.

Game seed: 7642468211967910369

286 raincastle the Trooper (level 6, 0/48 HPs)
             Began as a Demonspawn Abyssal Knight on Sept 15, 2022.
             Was a Priest of Lugonu.
             Killed by divine providence
             ... invoked by an orc priest
              (15 damage)
             ... on level 3 of the Dungeon.
             The game lasted 00:12:06 (2919 turns).

raincastle the Trooper (Demonspawn Abyssal Knight)  Turns: 2919, Time: 00:12:06

Health: 0/48       AC:  6    Str: 16    XL:     6   Next: 8%
Magic:  9/9        EV:  9    Int: 11    God:    Lugonu [***...]
Gold:   180        SH:  9    Dex: 13    Spells: 5/5 levels left

rFire   . . .      SeeInvis .   a - +2 hand axe
rCold   . . .      Faith    .   q - +2 kite shield
rNeg    . . .      Spirit   .   c - +0 ring mail
rPois   .          Reflect  .   (no helmet)
rElec   .          Harm     .   (no cloak)
rCorr   .          Rampage  .   (no gloves)
Will    .....                   m - +0 pair of boots
Stlth   +.........              (no amulet)
HPRegen 0.16/turn               g - ring of flight
MPRegen 0.11/turn               (no ring)

@: flying
A: claws 2, powered by death 2, weakness stinger 1
a: Renounce Religion, Depart the Abyss, Bend Space, Banish


You were on level 3 of the Dungeon.
You worshipped Lugonu.
Lugonu was most pleased with you.
You visited 1 branch of the dungeon, and saw 3 of its levels.
You visited the Abyss 1 time.
You also visited: Sewer.

You collected 180 gold pieces.

Inventory:

Hand Weapons
 a - a +2 hand axe (weapon)
 u - a +0 great mace
Missiles
 l - 6 boomerangs
Armour
 b - a +0 leather armour
 c - a +0 ring mail (worn)
 i - a +2 leather armour of fire resistance
 m - a +0 pair of boots (worn)
 p - a +0 barding
 q - a +2 kite shield (worn)
Jewellery
 g - a ring of flight (left claw)
Scrolls
 d - a scroll of teleportation
 f - 3 scrolls of vulnerability
 j - a scroll of magic mapping
 k - 2 scrolls of identify
 n - a scroll of silence {unknown}
 o - 3 scrolls of enchant weapon
Potions
 e - a potion of lignification {unknown}
 h - 2 potions of curing
 r - a potion of degeneration {unknown}
 s - a potion of attraction {unknown}
 t - a potion of might {unknown}
 v - a potion of heal wounds {unknown}


   Skills:
 + Level 4.0 Fighting
 + Level 3.2 Axes
 * Level 0.5(2.0) Maces & Flails
 + Level 3.0 Armour
 + Level 1.4 Dodging
 + Level 0.4 Stealth
 + Level 1.1 Shields
 * Level 4.0 Invocations


You had 5 spell levels left.
You didn't know any spells.
Your spell library contained the following spells:

 Spells                   Type           Power      Damage    Failure   Level
 Ozocubu's Armour         Ice            0%         N/A       100%        3
 Metabolic Englaciation   Hex/Ice        0%         N/A       100%        5
 Simulacrum               Ice/Necr       0%         N/A       100%        6


Dungeon Overview and Level Annotations

Branches:
Dungeon (3/15)              Sewer (visited)

Altars:


Innate Abilities, Weirdness & Mutations

You have very sharp fingernails.
You regenerate health from kills.
You have a small tail.


Message History

Found a scroll of magic mapping.
The jelly quivers.
Found 8 gold pieces.
An orc priest comes into view.
It is wielding a +1 short sword of venom.
The orc priest shouts!
You hear a shout!
You hit the jelly.
Your claws burn!
The jelly is lightly wounded.
An orc comes into view. It is wielding a +0 short sword.
The jelly hits you but does no damage.
You slash the jelly!
Your claws burn!
The jelly is heavily wounded.
The orc priest mumbles some strange prayers to Beogh against you.
Beogh smites you! The jelly misses you.
An endoplasm comes into view.
The jelly barely misses you. The quokka attacks as you move away!
You block the quokka's attack. The quokka barely misses you.
The quokka attacks as you move away! The quokka completely misses you.
The endoplasm quivers.
You hit the quokka.
The quokka is heavily wounded.
You block the quokka's attack. x2
The quokka attacks as you move away! The quokka barely misses you.
The jelly attacks as you move away! The jelly hits you but does no damage.
The jelly attacks as you move away! The jelly hits you but does no damage.
The orc priest mumbles some strange prayers to Beogh against you.
Beogh smites you! The quokka attacks as you move away!
You block the quokka's attack. The quokka bites you.
The jelly jiggles.
The quokka bites you but does no damage.
There is a stone staircase leading up here.
The quokka attacks as you move away! You block the quokka's attack.
You block the jelly's attack.
The orc priest casts a cantrip, but nothing happens.
The quokka attacks as you move away! The quokka bites you.
The jelly attacks as you move away! The jelly hits you but does no damage.
The orc priest calls down the wrath of Beogh upon you.
Beogh smites you!
You die...

#...####.###.#######....#
#............†.....##.#
.. #..........######## .#
.. .## ###..........# .#
?...<.###............# ..
... .................# .#
.........#.....######..#
.#
....####..J..#J#####..##
.#
..#...#....o<..r@......#
...........o...#####....
..$##..........#### .. .
#..............
##.........####
#.........# #.........#
#.........# #.........#


You could see a jelly, an orc priest, an orc, an endoplasm and a quokka.

Vanquished Creatures
  Pargi (Sewer)
  A phantom (D:3)
  A jelly (D:3)
  An adder (D:2)
  An ufetubus (D:3)
  3 worms
  2 dart slugs
  5 orcs (D:2)
  3 endoplasms
  5 giant cockroaches
  5 goblins
  2 hobgoblins (D:2)
  4 jackals (D:2)
  8 kobolds
  4 quokkas
  4 ball pythons
  3 bats (D:1)
  A frilled lizard (D:2)
  6 rats
60 creatures vanquished.

Notes
Turn   | Place    | Note
-------+----------+-------------------------------------------
     0 | Abyss:1  | raincastle the Demonspawn Abyssal Knight began the quest
                  | for the Orb.
     0 | Abyss:1  | Reached XP level 1. HP: 18/18 MP: 2/2
     1 | D:1      | Escaped the Abyss
   429 | D:1      | Discovered your monstrous ancestry.
   429 | D:1      | Gained mutation: You have sharp fingernails. [demonic
                  | ancestry]
   429 | D:1      | Reached XP level 2. HP: 19/24 MP: 3/3
   778 | D:1      | Found a faded altar of an unknown god.
  1233 | D:2      | Gained mutation: You regenerate a little health from kills.
                  | [demonic ancestry]
  1233 | D:2      | Reached XP level 3. HP: 29/30 MP: 4/4
  1337 | D:2      | Reached *** piety under Lugonu
  1373 | D:2      | Reached skill level 1 in Dodging
  1489 | D:2      | HP: 1/30 [goblin/+0 dagger (3)]
  1910 | D:2      | Gained mutation: You have a small tail. [demonic ancestry]
  1910 | D:2      | Reached XP level 4. HP: 34/37 MP: 6/6
  2159 | D:3      | Noticed a scorpion
  2159 | D:3      | Noticed a phantom
  2377 | D:3      | Found a glowing drain.
  2419 | Sewer    | Entered a sewer
  2445 | Sewer    | Noticed Pargi
  2455 | Sewer    | Killed Pargi
  2456 | Sewer    | Gained mutation: You regenerate health from kills. [demonic
                  | ancestry]
  2456 | Sewer    | Reached XP level 5. HP: 31/42 MP: 7/7
  2608 | Sewer    | Reached skill level 1 in Shields
  2732 | D:3      | Killed a phantom
  2733 | D:3      | Gained mutation: You have very sharp fingernails. [demonic
                  | ancestry]
  2733 | D:3      | Reached XP level 6. HP: 42/48 MP: 7/9
  2919 | D:3      | Killed from afar by an orc priest

Illustrated notes

Levels and vault maps discovered:
D:1:      wander_arrival_chamber, layout_loops_cross,
          ebering_ecumenical_altar_ruins, bh_walls_and_bars
D:2:      layout_rooms
D:3:      layout_rooms, mainiacjoe_overflow_paths, cheibrodos_sewer_entry_drain

Skill      XL: |  1  2  3  4  5 |
---------------+----------------+-----
Axes           | 2 3 |  3.2
Armour         | 2 3 |  3.0
Dodging        | 1 |  1.4
Invocations    | 3 4 |  4.0
Fighting       | 4 |  4.0
Shields        | 1 |  1.1
Maces & Flails | |  0.5
Stealth        | |  0.4

Action                   |  1- 3 |  4- 6 || total
-------------------------+-------+-------++-------
Melee: Hand axe          |   133 |    68 ||   201
       Tailslap          |       |     8 ||     8
Invok: Bend Space        |     6 |       ||     6
  Use: Scroll            |       |     5 ||     5
Armor: Ring mail         |    67 |    32 ||    99
       Leather armour    |     1 |       ||     1
Dodge: Dodged            |    70 |    30 ||   100
Block: Kite shield       |    42 |    45 ||    87
